 Dungeon Crawl Stone Soup version 0.21-a0-51-gea492e9 (webtiles) character file.

48 grindst0ne the Chopper (level 3, 29/29 HPs)
             Began as a Demonspawn Gladiator on June 12, 2017.
             Got out of the dungeon alive.
             The game lasted 00:02:13 (1136 turns).

grindst0ne the Chopper (Demonspawn Gladiator)       Turns: 1136, Time: 00:02:14

Health: 29/29      AC:  4    Str: 14    XL:     3   Next: 50%
Magic:  3/3        EV: 13    Int:  9    God:
Gold:   31         SH:  0    Dex: 17    Spells: 2/2 levels left

rFire    + . .     SeeInvis .   a - +0 war axe
rCold    x . .     Gourm    .   (no shield)
rNeg     . . .     Faith    .   b - +0 leather armour
rPois    .         Spirit   .   c - +0 helmet
rElec    .         Reflect  .   (no cloak)
rCorr    .         Harm     .   (no gloves)
MR       .....                  (no boots)
Stlth    +++.......             (no amulet)
Regen    0.1/turn               g - ring of fire
MPRegen  0.1/turn               (no ring)

@: no status effects
A: thin skeletal structure 1, nightstalker 1
a: no special abilities


You escaped.
You were not hungry.

You visited 1 branch of the dungeon, and saw 2 of its levels.

You collected 31 gold pieces.

Inventory:

Hand Weapons
 a - a +0 war axe (weapon)
Missiles
 d - 3 throwing nets (quivered)
Armour
 b - a +0 leather armour (worn)
 c - a +0 helmet (worn)
Jewellery
 g - a ring of fire (left hand)
Wands
 h - a wand of flame (13/48)
Scrolls
 l - 2 scrolls of identify {unknown}
 m - a scroll of amnesia {unknown}
 q - a scroll of remove curse {unknown}
Potions
 i - 2 potions of flight {unknown}
 j - a potion of curing {unknown}
 o - a potion of mutation {unknown}
 p - 2 potions of cancellation {unknown}
Books
 e - a book of Air

   Spells                             Type                      Level
   a - Shock                          Conjuration/Air              1
   b - Swiftness                      Charms/Air                   2
   c - Static Discharge               Conjuration/Air              3
   d - Airstrike                      Air                          4
   e - Lightning Bolt                 Conjuration/Air              5
Comestibles
 f - 2 bread rations
 k - a meat ration
 n - 7 chunks of flesh


   Skills:
 + Level 3.2 Fighting
 + Level 3.3 Axes
 - Level 1.7 Throwing
 - Level 2.6 Dodging


You had 2 spell levels left.
You didn't know any spells.

Dungeon Overview and Level Annotations

Branches:
Dungeon (2/15)

Altars:
Ru
Vehumet


Innate Abilities, Weirdness & Mutations

You have a somewhat thin skeletal structure. (Dex +2, Stealth)
You are slightly more attuned to the shadows.


Message History

You hit the kobold but do no damage. The kobold barely misses you.
You completely miss the kobold. The kobold hits you but does no damage.
You hit the kobold.
The kobold is moderately wounded.
The kobold closely misses you. The kobold hits you.
You slash the kobold!
You kill the kobold!
You see here a kobold corpse.
You see here a kobold corpse.
You butcher the kobold corpse.
You see here 2 inedible chunks of flesh.
You see here a stone.
Why would you want to do that? Why would you want to do that?
Why would you want to do that?
There is a stone staircase leading down here.
There is a staircase leading out of the dungeon here.
You can't go down here!
Are you sure you want to leave the Dungeon?
This will make you lose the game!
You have escaped!

#### ...# ##.#########
...........###########
.#########......§....#
.#.......##..^...§...#
...≈≈≈≈...#....≈§≈§..#
..≈≈≈≈≈≈.....§§§≈≈§≈.#
..≈≈≈≈≈≈.....§§§@>§≈.#
..≈≈≈≈≈≈......§§§§§≈.#
...≈≈≈≈..####§.≈≈§§..#
.#......## ##..§§..####
.######.# #....>....##
.....((.## ##..(#####..#
...##(...####....## ###.##
#......(..........###....#
#####..........#......#..##


There were no monsters in sight!

Vanquished Creatures
  A dart slug (D:1)
  A leopard gecko (D:1)
  A ball python (D:1)
  A giant cockroach (D:2)
  5 hobgoblins
  6 jackals
  10 kobolds
  A quokka (D:2)
  6 bats
  2 frilled lizards (D:2)
  3 goblins
  2 rats
39 creatures vanquished.

Notes
Turn   | Place    | Note
-------+----------+-------------------------------------------
     0 | D:1      | grindst0ne the Demonspawn Gladiator began the quest for the Orb.
     0 | D:1      | Reached XP level 1. HP: 16/16 MP: 1/1
   150 | D:1      | Gained mutation: You are slightly more attuned to the shadows. [demonic ancestry]
   150 | D:1      | Reached XP level 2. HP: 19/23 MP: 2/2
   586 | D:2      | Found a radiant altar of Vehumet.
   713 | D:2      | Gained mutation: You have a somewhat thin skeletal structure. (Dex +2, Stealth) [demonic ancestry]
   713 | D:2      | Reached XP level 3. HP: 28/28 MP: 3/3
   859 | D:2      | Found a sacrificial altar of Ru.
  1136 | D:$      | Got out of the dungeon alive.

Vault maps used:
D:1:      dpeg_arrival_pits, dk_noncrumbling_4, kennysheep_another_room
D:2:      vehumet_crystals, nicolae_ru_great_annihilating_truth,
          lemuel_crystal_altar

Skill      XL: |  1  2  3 |
---------------+----------+-----
Axes           | 3 |  3.3
Fighting       | 3 |  3.2
Throwing       | |  1.7
Dodging        | |  2.6

Action                   || total
-------------------------++-------
Melee: War axe           ||    81
 Stab: Paralysed         ||     1
       Sleeping          ||     1
  Eat: Chunk             ||     1
Armor: Leather armour    ||    34
Dodge: Dodged            ||    84
